[ PARTIDA AOE2 · #468968412 ]
UnrankedEslavos vs Chinese
[ ANÁLISIS DE REPETICIÓN · EXTRAÍDO DE LA PARTIDA GRABADA ]
Feudal
11:43
Castillos
15:17
Imperial
29:39
| APM promedio | 25.6 |
| APM pico | 48 |
| eAPM promedio | 13.5 |
| Aldeanos / militares | 134 / 12 |
Foco
⚔️ 15.0% · 🌾 85.0%
Mangonel ×11 · Monk ×1
Feudal
11:50
Castillos
25:10
Imperial
—
| APM promedio | 9.4 |
| APM pico | 18 |
| eAPM promedio | 7.2 |
| Aldeanos / militares | 37 / 23 |
Foco
⚔️ 18.5% · 🌾 81.5%
Archer ×23 · Trade Cart ×5
Feudal
13:37
Castillos
17:14
Imperial
21:33
| APM promedio | 43.6 |
| APM pico | 83 |
| eAPM promedio | 17.1 |
| Aldeanos / militares | 32 / 32 |
Foco
⚔️ 28.8% · 🌾 71.2%
Hand Cannoneer ×21 · Bombard Cannon ×9 · Monk ×2
Feudal
—
Castillos
—
Imperial
—
| APM promedio | 27.4 |
| APM pico | 77 |
| eAPM promedio | 15.4 |
| Aldeanos / militares | 120 / 20 |
Foco
⚔️ 23.7% · 🌾 76.3%
Steppe Lancer ×10 · Fishing Ship ×6 · Demolition Raft ×5 · Iron Pagoda ×2 · Monk ×1 · Galley ×1
Feudal
13:44
Castillos
19:04
Imperial
—
| APM promedio | 6.7 |
| APM pico | 17 |
| eAPM promedio | 5.2 |
| Aldeanos / militares | 54 / 0 |
Foco
⚔️ 1.3% · 🌾 98.7%
Feudal
14:06
Castillos
19:30
Imperial
—
| APM promedio | 29.1 |
| APM pico | 92 |
| eAPM promedio | 9.1 |
| Aldeanos / militares | 46 / 1 |
Foco
⚔️ 23.9% · 🌾 76.1%
Fishing Ship ×9 · Spearman ×1
Mapa de la partida
Recursos iniciales + cada clic de construcción. Líneas = muros · curvas = relieve. ◆ oro · ⬟ piedra · ● bayas · ✦ reliquia · ◌ hueco del cierre
Tu base· ✓ Cerrada en 15:17 · 0t muro · sin puerta
Base de Esquizofrénico· ✓ Cerrada en 25:10 · 25t muro · sin puerta
Base de Gonzalez Kitan· ✓ Cerrada en 17:14 · 14t muro · sin puerta
Base de NahuLoubiere· ✓ Cerrada en 12:51 · 20t muro · sin puerta
Base de Gotillo IV· ✓ Cerrada en 19:04 · 0t muro · sin puerta
Base de Sancho Tranza· ✓ Cerrada en 19:30 · 1t muro · sin puerta
Terreno inicial suavizado · ◌ = hueco del cierre detectado · pasá el cursor para detalles
Inputs por minuto
— Casey Raibak - - Esquizofrénico
Build order — Casey Raibak
Primeras 150 de 269 acciones detectadas
| 0:02 | Construir | House |
| 0:05 | Construir | House |
| 0:05 | Investigar | Loom |
| 0:06 | Crear | Villager (Male) |
| 0:06 | Crear | Villager (Male) |
| 0:07 | Crear | Villager (Male) |
| 0:08 | Crear | Villager (Male) |
| 1:56 | Crear | Villager (Male) |
| 2:17 | Construir | Lumber Camp |
| 2:22 | Crear | Villager (Male) |
| 2:22 | Crear | Villager (Male) |
| 2:34 | Crear | Villager (Male) |
| 3:08 | Crear | Villager (Male) |
| 3:24 | Crear | Villager (Male) |
| 4:19 | Construir | House |
| 4:32 | Crear | Villager (Male) |
| 4:32 | Crear | Villager (Male) |
| 4:46 | Construir | House |
| 5:39 | Crear | Villager (Male) |
| 5:40 | Crear | Villager (Male) |
| 5:40 | Crear | Villager (Male) |
| 5:41 | Crear | Villager (Male) |
| 5:41 | Crear | Villager (Male) |
| 6:01 | Construir | Mill |
| 6:40 | Crear | Villager (Male) |
| 6:58 | Crear | Villager (Male) |
| 7:09 | Crear | Villager (Male) |
| 7:39 | Crear | Villager (Male) |
| 8:19 | Crear | Villager (Male) |
| 8:46 | Construir | Mining Camp |
| 9:33 | Investigar | Feudal Age |
| 9:48 | Construir | House |
| 10:26 | Construir | Farm |
| 11:43 | Edad | Edad Feudal |
| 11:46 | Construir | Market |
| 11:54 | Construir | Blacksmith |
| 11:59 | Crear | Villager (Male) |
| 12:37 | Investigar | Castle Age |
| 13:51 | Investigar | Double-Bit Axe |
| 13:55 | Investigar | Horse Collar |
| 14:01 | Crear | Villager (Male) |
| 14:02 | Crear | Villager (Male) |
| 15:17 | Edad | Edad de los Castillos |
| 15:20 | Construir | Town Center |
| 15:32 | Construir | Town Center |
| 15:54 | Investigar | Wheelbarrow |
| 16:21 | Construir | Farm |
| 16:26 | Crear | Villager (Male) |
| 16:27 | Crear | Villager (Male) |
| 16:47 | Investigar | Bow Saw |
| 17:00 | Crear | Villager (Male) |
| 17:00 | Crear | Villager (Male) |
| 17:09 | Construir | Farm |
| 17:10 | Crear | Villager (Male) |
| 17:15 | Crear | Villager (Male) |
| 17:23 | Construir | Farm |
| 17:27 | Construir | Farm |
| 17:29 | Construir | Farm |
| 17:45 | Crear | Villager (Male) |
| 17:51 | Construir | Farm |
| 17:54 | Construir | Farm |
| 17:57 | Crear | Villager (Male) |
| 18:08 | Crear | Villager (Male) |
| 18:08 | Crear | Villager (Male) |
| 18:09 | Crear | Villager (Male) |
| 18:13 | Construir | Farm |
| 18:16 | Construir | Farm |
| 18:20 | Construir | Farm |
| 18:23 | Construir | Farm |
| 18:26 | Construir | Farm |
| 18:29 | Construir | Farm |
| 18:30 | Crear | Villager (Male) |
| 18:40 | Construir | Farm |
| 18:44 | Construir | Farm |
| 18:45 | Crear | Villager (Male) |
| 18:45 | Crear | Villager (Male) |
| 18:50 | Construir | Farm |
| 19:01 | Crear | Villager (Male) |
| 19:15 | Construir | Farm |
| 19:17 | Construir | Farm |
| 19:18 | Crear | Villager (Male) |
| 19:19 | Crear | Villager (Male) |
| 19:24 | Construir | House |
| 19:29 | Construir | House |
| 19:30 | Crear | Villager (Male) |
| 19:30 | Crear | Villager (Male) |
| 19:46 | Construir | Mining Camp |
| 19:51 | Construir | Farm |
| 19:51 | Construir | Farm |
| 19:56 | Construir | House |
| 20:03 | Construir | Farm |
| 20:04 | Crear | Villager (Male) |
| 20:04 | Crear | Villager (Male) |
| 20:05 | Crear | Villager (Male) |
| 20:05 | Crear | Villager (Male) |
| 20:14 | Construir | House |
| 20:16 | Crear | Villager (Male) |
| 20:16 | Crear | Villager (Male) |
| 20:17 | Crear | Villager (Male) |
| 20:21 | Construir | Farm |
| 20:35 | Crear | Villager (Male) |
| 20:36 | Crear | Villager (Male) |
| 20:41 | Construir | Monastery |
| 20:49 | Construir | Farm |
| 20:50 | Crear | Villager (Male) |
| 20:51 | Crear | Villager (Male) |
| 20:51 | Crear | Villager (Male) |
| 20:56 | Construir | Farm |
| 20:59 | Construir | Farm |
| 21:04 | Crear | Villager (Male) |
| 21:12 | Construir | Farm |
| 21:16 | Crear | Villager (Male) |
| 21:17 | Crear | Villager (Male) |
| 21:40 | Construir | Farm |
| 21:41 | Crear | Monk |
| 22:03 | Construir | Town Center |
| 22:09 | Crear | Villager (Male) |
| 22:09 | Crear | Villager (Male) |
| 22:10 | Crear | Villager (Male) |
| 22:21 | Construir | Farm |
| 22:31 | Investigar | Hand Cart |
| 22:34 | Investigar | Town Watch |
| 22:41 | Construir | House |
| 22:45 | Construir | House |
| 22:55 | Crear | Villager (Male) |
| 22:56 | Crear | Villager (Male) |
| 23:10 | Construir | House |
| 23:10 | Construir | House |
| 23:11 | Construir | House |
| 23:14 | Crear | Villager (Male) |
| 23:15 | Crear | Villager (Male) |
| 23:15 | Crear | Villager (Male) |
| 23:46 | Crear | Villager (Male) |
| 23:46 | Crear | Villager (Male) |
| 23:47 | Crear | Villager (Male) |
| 23:51 | Construir | Mill |
| 23:52 | Construir | Farm |
| 23:53 | Construir | Farm |
| 23:53 | Construir | Farm |
| 23:53 | Construir | Farm |
| 23:53 | Construir | Farm |
| 23:54 | Construir | Farm |
| 23:56 | Crear | Villager (Male) |
| 23:57 | Crear | Villager (Male) |
| 23:57 | Crear | Villager (Male) |
| 23:57 | Crear | Villager (Male) |
| 23:58 | Crear | Villager (Male) |
| 23:58 | Crear | Villager (Male) |
| 24:06 | Investigar | Gold Mining |
| 24:23 | Crear | Villager (Male) |
Build order — Esquizofrénico
106 acciones detectadas en el replay
| 1:00 | Crear | Villager (Male) |
| 1:04 | Construir | House |
| 1:55 | Crear | Villager (Male) |
| 2:51 | Construir | Palisade Wall |
| 3:14 | Crear | Villager (Male) |
| 3:15 | Crear | Villager (Male) |
| 3:15 | Crear | Villager (Male) |
| 3:39 | Crear | Villager (Male) |
| 4:15 | Construir | Mill |
| 4:33 | Construir | House |
| 4:36 | Crear | Villager (Male) |
| 4:36 | Crear | Villager (Male) |
| 5:02 | Crear | Villager (Male) |
| 5:16 | Investigar | Loom |
| 6:36 | Crear | Villager (Male) |
| 6:36 | Crear | Villager (Male) |
| 6:38 | Crear | Villager (Male) |
| 7:09 | Crear | Villager (Male) |
| 7:39 | Crear | Villager (Male) |
| 8:09 | Construir | Mining Camp |
| 9:40 | Investigar | Feudal Age |
| 10:03 | Construir | House |
| 10:29 | Construir | Mill |
| 10:45 | Crear | Villager (Male) ×5 |
| 11:22 | Crear | Villager (Male) |
| 11:50 | Edad | Edad Feudal |
| 12:13 | Investigar | Town Watch |
| 12:20 | Construir | Mining Camp |
| 12:47 | Construir | Lumber Camp |
| 14:40 | Crear | Villager (Male) ×5 |
| 14:50 | Crear | Villager (Male) ×5 |
| 14:52 | Crear | Villager (Male) |
| 16:08 | Construir | House |
| 16:16 | Construir | Lumber Camp |
| 16:25 | Investigar | Horse Collar |
| 17:07 | Investigar | Wheelbarrow |
| 18:07 | Construir | House |
| 18:11 | Investigar | Gold Mining |
| 18:13 | Investigar | Stone Mining |
| 18:39 | Investigar | Double-Bit Axe |
| 19:13 | Crear | Villager (Male) |
| 19:14 | Crear | Villager (Male) |
| 19:16 | Crear | Villager (Male) |
| 19:23 | Construir | House |
| 19:27 | Construir | Blacksmith |
| 19:39 | Construir | Market |
| 19:47 | Construir | Farm |
| 19:47 | Construir | Farm |
| 19:48 | Construir | Farm |
| 19:48 | Construir | Farm |
| 20:23 | Construir | Farm |
| 20:35 | Construir | Farm |
| 20:35 | Construir | Farm |
| 20:36 | Construir | Farm |
| 20:36 | Construir | Farm |
| 20:36 | Construir | Farm |
| 20:49 | Construir | Farm |
| 20:57 | Construir | Farm |
| 21:11 | Construir | Farm |
| 21:28 | Construir | House |
| 22:13 | Construir | Barracks |
| 22:30 | Investigar | Castle Age |
| 22:52 | Construir | Stone Wall |
| 23:36 | Construir | Farm |
| 23:37 | Construir | Farm |
| 23:38 | Construir | Farm |
| 23:39 | Construir | Farm |
| 24:33 | Crear | Trade Cart ×5 |
| 24:51 | Investigar | Forging |
| 24:51 | Investigar | Scale Mail Armor |
| 24:51 | Investigar | Scale Barding Armor |
| 24:51 | Investigar | Fletching |
| 24:52 | Investigar | Padded Archer Armor |
| 25:10 | Edad | Edad de los Castillos |
| 25:39 | Investigar | Squires |
| 25:48 | Investigar | Heavy Plow |
| 25:52 | Investigar | Bow Saw |
| 26:38 | Crear | Villager (Male) |
| 26:39 | Crear | Villager (Male) |
| 26:41 | Crear | Villager (Male) |
| 26:56 | Construir | Stone Wall |
| 26:59 | Construir | Gate |
| 27:10 | Investigar | Stone Shaft Mining |
| 27:47 | Construir | Archery Range |
| 27:49 | Construir | Archery Range |
| 27:51 | Construir | Stable |
| 28:24 | Construir | House |
| 28:25 | Construir | House |
| 28:30 | Investigar | Gold Shaft Mining |
| 28:37 | Investigar | Bloodlines |
| 28:37 | Investigar | Husbandry |
| 28:39 | Investigar | Light Cavalry (upgrade) |
| 28:47 | Investigar | Elite Skirmisher (upgrade) |
| 28:49 | Investigar | Crossbowman (upgrade) |
| 29:41 | Investigar | Gold Shaft Mining |
| 29:47 | Crear | Archer ×5 |
| 29:48 | Crear | Archer ×5 |
| 29:48 | Crear | Archer ×5 |
| 30:15 | Investigar | Thumb Ring |
| 30:20 | Crear | Archer ×5 |
| 30:21 | Crear | Archer ×3 |
| 30:53 | Construir | Mining Camp |
| 31:01 | Construir | Monastery |
| 31:05 | Construir | University |
| 31:22 | Investigar | Bodkin Arrow |
| 31:59 | Investigar | Leather Archer Armor |
Build order — Gonzalez Kitan
90 acciones detectadas en el replay
| 0:01 | Crear | Villager (Male) |
| 0:02 | Construir | House |
| 0:03 | Construir | House |
| 0:11 | Crear | Villager (Male) |
| 0:19 | Crear | Villager (Male) |
| 0:26 | Crear | Villager (Male) |
| 0:48 | Investigar | Loom |
| 0:58 | Crear | Villager (Male) |
| 0:58 | Crear | Villager (Male) |
| 1:20 | Construir | Palisade Wall |
| 1:51 | Crear | Villager (Male) |
| 2:04 | Construir | Palisade Wall |
| 2:08 | Construir | House |
| 2:32 | Construir | Palisade Wall |
| 2:33 | Crear | Villager (Male) |
| 2:33 | Crear | Villager (Male) |
| 2:55 | Construir | Palisade Wall |
| 2:56 | Construir | Palisade Wall |
| 3:02 | Construir | Palisade Wall |
| 3:05 | Crear | Villager (Male) |
| 3:05 | Crear | Villager (Male) |
| 3:17 | Crear | Villager (Male) |
| 3:17 | Crear | Villager (Male) |
| 3:38 | Construir | House |
| 3:47 | Crear | Villager (Male) |
| 4:21 | Crear | Villager (Male) |
| 4:40 | Construir | Lumber Camp |
| 4:44 | Crear | Villager (Male) |
| 4:57 | Crear | Villager (Male) |
| 5:21 | Crear | Villager (Male) |
| 5:22 | Crear | Villager (Male) |
| 5:22 | Crear | Villager (Male) |
| 5:59 | Crear | Villager (Male) |
| 6:22 | Crear | Villager (Male) |
| 6:27 | Construir | Mill |
| 7:09 | Crear | Villager (Male) |
| 7:10 | Crear | Villager (Male) |
| 7:10 | Crear | Villager (Male) |
| 7:10 | Crear | Villager (Male) |
| 8:05 | Crear | Villager (Male) |
| 8:05 | Crear | Villager (Male) |
| 8:40 | Crear | Villager (Male) |
| 8:41 | Construir | House |
| 9:40 | Crear | Villager (Male) |
| 9:56 | Crear | Villager (Male) |
| 10:32 | Construir | Mining Camp |
| 10:58 | Crear | Villager (Male) |
| 10:59 | Investigar | Feudal Age |
| 12:20 | Construir | House |
| 13:37 | Edad | Edad Feudal |
| 13:43 | Construir | Blacksmith |
| 13:46 | Construir | Market |
| 14:00 | Construir | Palisade Wall |
| 14:34 | Investigar | Castle Age |
| 14:45 | Construir | Farm |
| 14:48 | Construir | Farm |
| 14:50 | Construir | Farm |
| 15:00 | Construir | Palisade Wall |
| 17:14 | Edad | Edad de los Castillos |
| 17:17 | Construir | Siege Workshop |
| 17:20 | Construir | Monastery |
| 18:04 | Construir | House |
| 18:23 | Investigar | Imperial Age |
| 18:29 | Construir | Barracks |
| 18:40 | Crear | Monk |
| 18:54 | Construir | House |
| 19:19 | Construir | Archery Range |
| 19:24 | Construir | Archery Range |
| 21:13 | Construir | Archery Range |
| 21:33 | Edad | Edad Imperial |
| 21:36 | Crear | Hand Cannoneer ×5 |
| 21:38 | Crear | Bombard Cannon |
| 21:38 | Crear | Bombard Cannon |
| 21:55 | Crear | Hand Cannoneer |
| 22:39 | Crear | Monk |
| 22:58 | Crear | Hand Cannoneer ×3 |
| 22:59 | Crear | Hand Cannoneer ×3 |
| 24:32 | Crear | Bombard Cannon |
| 24:47 | Crear | Hand Cannoneer ×2 |
| 25:06 | Crear | Hand Cannoneer ×2 |
| 25:07 | Crear | Hand Cannoneer ×2 |
| 25:42 | Crear | Hand Cannoneer |
| 26:54 | Crear | Hand Cannoneer ×2 |
| 26:57 | Crear | Bombard Cannon |
| 26:57 | Crear | Bombard Cannon |
| 27:59 | Crear | Bombard Cannon |
| 30:16 | Crear | Bombard Cannon ×2 |
| 30:18 | Crear | Bombard Cannon |
| 32:53 | Investigar | Wheelbarrow |
| 32:53 | Investigar | Town Watch |
Build order — NahuLoubiere
Primeras 150 de 204 acciones detectadas
| 0:04 | Investigar | Loom |
| 0:04 | Crear | Villager (Male) ×4 |
| 0:06 | Construir | House |
| 0:08 | Construir | House |
| 0:51 | Construir | Palisade Wall |
| 1:57 | Crear | Villager (Male) |
| 2:40 | Construir | Palisade Wall |
| 2:51 | Construir | Lumber Camp |
| 2:55 | Construir | Palisade Wall |
| 2:58 | Construir | Palisade Wall |
| 3:02 | Crear | Villager (Male) |
| 3:03 | Crear | Villager (Male) |
| 3:03 | Crear | Villager (Male) |
| 3:29 | Crear | Villager (Male) |
| 4:11 | Crear | Villager (Male) |
| 4:40 | Crear | Villager (Male) |
| 4:57 | Construir | House |
| 5:08 | Crear | Villager (Male) |
| 5:43 | Crear | Villager (Male) |
| 5:44 | Crear | Villager (Male) |
| 5:44 | Crear | Villager (Male) |
| 6:17 | Crear | Villager (Male) |
| 6:17 | Crear | Villager (Male) |
| 6:50 | Construir | Mill |
| 7:08 | Crear | Villager (Male) |
| 7:15 | Construir | House |
| 7:22 | Crear | Villager (Male) |
| 7:22 | Crear | Villager (Male) |
| 8:18 | Crear | Villager (Male) |
| 8:19 | Crear | Villager (Male) |
| 9:26 | Construir | Mining Camp |
| 9:31 | Investigar | Feudal Age |
| 9:48 | Crear | Villager (Male) |
| 11:50 | Construir | Blacksmith |
| 12:02 | Construir | Market |
| 12:05 | Crear | Villager (Male) |
| 12:10 | Construir | House |
| 12:51 | Investigar | Castle Age |
| 13:38 | Construir | Lumber Camp |
| 14:17 | Investigar | Double-Bit Axe |
| 15:27 | Crear | Villager (Male) |
| 15:28 | Crear | Villager (Male) |
| 15:38 | Construir | Town Center |
| 15:53 | Construir | Town Center |
| 16:13 | Crear | Villager (Male) |
| 16:13 | Crear | Villager (Male) |
| 16:15 | Crear | Villager (Male) |
| 16:33 | Construir | House |
| 17:03 | Crear | Villager (Male) |
| 17:03 | Crear | Villager (Male) |
| 17:04 | Crear | Villager (Male) |
| 17:06 | Construir | House |
| 17:42 | Construir | Farm |
| 17:44 | Investigar | Horse Collar |
| 17:50 | Crear | Villager (Male) |
| 17:50 | Crear | Villager (Male) |
| 17:50 | Crear | Villager (Male) |
| 17:51 | Crear | Villager (Male) |
| 17:51 | Crear | Villager (Male) |
| 18:00 | Construir | House |
| 18:05 | Construir | Farm |
| 18:05 | Construir | Farm |
| 18:05 | Construir | Farm |
| 18:06 | Construir | Farm |
| 18:13 | Crear | Villager (Male) |
| 18:13 | Crear | Villager (Male) |
| 18:25 | Construir | Farm |
| 18:28 | Construir | Farm |
| 18:32 | Construir | Farm |
| 18:35 | Construir | Farm |
| 18:38 | Construir | Farm |
| 19:39 | Crear | Villager (Male) ×3 |
| 19:42 | Construir | Farm |
| 19:51 | Construir | Farm |
| 19:54 | Construir | Farm |
| 19:56 | Construir | Farm |
| 20:00 | Construir | Farm |
| 20:03 | Construir | Farm |
| 20:05 | Construir | Farm |
| 20:08 | Construir | Farm |
| 20:09 | Crear | Villager (Male) |
| 20:09 | Crear | Villager (Male) |
| 20:14 | Construir | Farm |
| 20:52 | Crear | Villager (Male) ×3 |
| 20:55 | Construir | Farm |
| 20:57 | Construir | Farm |
| 21:00 | Construir | Farm |
| 21:02 | Construir | Farm |
| 21:38 | Construir | Farm |
| 21:39 | Crear | Villager (Male) |
| 21:39 | Crear | Villager (Male) |
| 21:40 | Crear | Villager (Male) |
| 21:40 | Crear | Villager (Male) |
| 21:40 | Crear | Villager (Male) |
| 22:32 | Construir | Dock |
| 22:37 | Construir | Dock |
| 22:40 | Construir | Farm |
| 22:42 | Construir | Farm |
| 22:44 | Investigar | Bow Saw |
| 22:45 | Investigar | Heavy Plow |
| 22:57 | Construir | Town Center |
| 23:05 | Investigar | Wheelbarrow |
| 23:06 | Investigar | Town Watch |
| 23:13 | Investigar | Town Watch |
| 23:15 | Crear | Villager (Male) ×4 |
| 23:22 | Construir | Monastery |
| 23:24 | Crear | Villager (Male) |
| 23:24 | Crear | Villager (Male) |
| 23:25 | Crear | Villager (Male) |
| 23:26 | Crear | Demolition Raft |
| 23:26 | Crear | Demolition Raft |
| 23:32 | Construir | House |
| 24:12 | Construir | Outpost |
| 24:16 | Construir | House |
| 24:18 | Crear | Villager (Male) |
| 24:18 | Crear | Villager (Male) |
| 24:18 | Crear | Villager (Male) |
| 24:19 | Crear | Villager (Male) |
| 24:50 | Crear | Demolition Raft |
| 24:52 | Investigar | Tech 905 |
| 24:54 | Crear | Fire Galley |
| 24:58 | Crear | Trade Cog |
| 25:00 | Crear | Galley |
| 25:09 | Crear | Fishing Ship |
| 25:09 | Crear | Fishing Ship |
| 25:09 | Crear | Fishing Ship |
| 25:10 | Crear | Fishing Ship |
| 25:10 | Crear | Fishing Ship |
| 25:11 | Crear | Fishing Ship |
| 25:20 | Crear | Monk |
| 25:24 | Construir | Barracks |
| 25:38 | Construir | House |
| 25:39 | Construir | House |
| 25:40 | Construir | House |
| 25:43 | Construir | House |
| 25:45 | Crear | Villager (Male) |
| 25:45 | Crear | Villager (Male) |
| 25:45 | Crear | Villager (Male) |
| 25:49 | Construir | Mining Camp |
| 26:01 | Construir | Mining Camp |
| 26:05 | Investigar | Gold Mining |
| 26:07 | Crear | Villager (Male) |
| 26:07 | Crear | Villager (Male) |
| 26:08 | Crear | Villager (Male) |
| 26:10 | Construir | House |
| 26:12 | Investigar | Hand Cart |
| 26:18 | Construir | Farm |
| 26:23 | Construir | Mill |
| 26:29 | Construir | Farm |
| 26:59 | Crear | Villager (Male) |
Build order — Gotillo IV
94 acciones detectadas en el replay
| 0:01 | Crear | Villager (Male) ×4 |
| 0:05 | Construir | House |
| 0:07 | Construir | House |
| 1:44 | Crear | Villager (Male) |
| 1:49 | Construir | Lumber Camp |
| 2:11 | Crear | Villager (Male) |
| 2:34 | Crear | Villager (Male) |
| 3:19 | Crear | Villager (Male) |
| 3:32 | Construir | House |
| 3:35 | Construir | House |
| 3:41 | Crear | Villager (Male) |
| 3:56 | Construir | Mill |
| 4:08 | Crear | Villager (Male) |
| 4:52 | Crear | Villager (Male) |
| 5:18 | Crear | Villager (Male) |
| 5:45 | Crear | Villager (Male) |
| 5:45 | Crear | Villager (Male) |
| 5:56 | Crear | Villager (Male) |
| 6:11 | Crear | Villager (Male) |
| 6:41 | Crear | Villager (Male) |
| 7:57 | Crear | Villager (Male) |
| 7:57 | Crear | Villager (Male) |
| 7:58 | Crear | Villager (Male) |
| 7:58 | Crear | Villager (Male) |
| 7:58 | Crear | Villager (Male) |
| 8:34 | Construir | House |
| 8:35 | Construir | House |
| 10:06 | Crear | Villager (Male) |
| 10:09 | Investigar | Loom |
| 10:50 | Construir | Mining Camp |
| 11:16 | Investigar | Feudal Age |
| 12:55 | Construir | Farm |
| 12:56 | Construir | Farm |
| 12:58 | Construir | Farm |
| 13:01 | Construir | Farm |
| 13:44 | Edad | Edad Feudal |
| 13:48 | Investigar | Wheelbarrow |
| 13:49 | Investigar | Double-Bit Axe |
| 13:51 | Investigar | Horse Collar |
| 14:13 | Construir | Blacksmith |
| 14:23 | Construir | Market |
| 14:40 | Crear | Villager (Male) |
| 14:40 | Crear | Villager (Male) |
| 15:21 | Construir | Farm |
| 15:23 | Construir | Farm |
| 15:25 | Construir | Farm |
| 15:28 | Construir | Farm |
| 15:30 | Construir | Farm |
| 15:34 | Construir | Mining Camp |
| 15:48 | Construir | Farm |
| 16:24 | Investigar | Castle Age |
| 19:04 | Construir | Farm |
| 19:04 | Edad | Edad de los Castillos |
| 19:05 | Construir | Farm |
| 19:07 | Construir | Farm |
| 19:18 | Construir | Town Center |
| 19:22 | Investigar | Hand Cart |
| 19:28 | Construir | Town Center |
| 19:41 | Crear | Villager (Male) |
| 19:42 | Crear | Villager (Male) |
| 19:42 | Crear | Villager (Male) |
| 20:16 | Crear | Villager (Male) ×5 |
| 20:20 | Crear | Villager (Male) |
| 20:20 | Crear | Villager (Male) |
| 21:28 | Construir | Town Center |
| 21:35 | Crear | Villager (Male) ×5 |
| 21:40 | Crear | Villager (Male) |
| 21:40 | Crear | Villager (Male) |
| 21:40 | Crear | Villager (Male) |
| 21:41 | Crear | Villager (Male) |
| 21:41 | Crear | Villager (Male) |
| 21:42 | Crear | Villager (Male) |
| 22:06 | Construir | Farm |
| 22:14 | Investigar | Heavy Plow |
| 22:14 | Investigar | Heavy Plow |
| 22:33 | Construir | Farm |
| 22:39 | Crear | Villager (Male) |
| 22:39 | Crear | Villager (Male) |
| 22:39 | Crear | Villager (Male) |
| 22:41 | Crear | Villager (Male) |
| 22:42 | Crear | Villager (Male) |
| 22:42 | Crear | Villager (Male) |
| 22:50 | Crear | Villager (Male) |
| 22:59 | Crear | Villager (Male) |
| 23:25 | Construir | Farm |
| 23:27 | Construir | Farm |
| 24:03 | Construir | Archery Range |
| 24:05 | Construir | Archery Range |
| 24:43 | Construir | House |
| 24:44 | Construir | House |
| 24:46 | Construir | House |
| 24:48 | Construir | House |
| 24:49 | Construir | House |
| 24:51 | Construir | House |
Build order — Sancho Tranza
100 acciones detectadas en el replay
| 0:01 | Crear | Villager (Male) |
| 0:02 | Crear | Villager (Male) |
| 0:02 | Crear | Villager (Male) |
| 0:02 | Crear | Villager (Male) |
| 0:02 | Crear | Villager (Male) |
| 0:03 | Construir | House |
| 0:05 | Construir | House |
| 1:43 | Crear | Villager (Male) |
| 1:43 | Crear | Villager (Male) |
| 2:07 | Crear | Villager (Male) |
| 2:39 | Crear | Villager (Male) |
| 3:03 | Crear | Villager (Male) |
| 3:03 | Crear | Villager (Male) |
| 3:17 | Construir | Dock |
| 3:22 | Construir | House |
| 3:35 | Crear | Villager (Male) |
| 3:49 | Crear | Villager (Male) |
| 4:14 | Construir | House |
| 4:30 | Crear | Villager (Male) |
| 4:30 | Crear | Villager (Male) |
| 4:38 | Construir | House |
| 5:06 | Crear | Villager (Male) |
| 5:07 | Crear | Villager (Male) |
| 5:21 | Construir | Lumber Camp |
| 5:38 | Crear | Villager (Male) |
| 5:38 | Crear | Villager (Male) |
| 5:50 | Crear | Villager (Male) |
| 6:16 | Crear | Villager (Male) |
| 6:16 | Crear | Villager (Male) |
| 6:28 | Crear | Fishing Ship |
| 6:45 | Crear | Villager (Male) |
| 6:57 | Crear | Fishing Ship |
| 7:28 | Crear | Villager (Male) |
| 7:28 | Crear | Villager (Male) |
| 7:32 | Crear | Fishing Ship |
| 8:30 | Crear | Villager (Male) |
| 8:34 | Crear | Fishing Ship |
| 8:34 | Crear | Fishing Ship |
| 8:35 | Crear | Fishing Ship |
| 8:37 | Construir | Mill |
| 9:00 | Crear | Villager (Male) |
| 9:00 | Crear | Villager (Male) |
| 9:00 | Crear | Villager (Male) |
| 9:13 | Crear | Villager (Male) |
| 9:14 | Crear | Fishing Ship |
| 9:14 | Crear | Fishing Ship |
| 9:49 | Construir | Lumber Camp |
| 9:54 | Construir | House |
| 9:55 | Construir | House |
| 10:00 | Investigar | Loom |
| 10:07 | Construir | House |
| 10:55 | Construir | House |
| 11:03 | Construir | House |
| 11:06 | Crear | Villager (Male) |
| 11:06 | Crear | Villager (Male) |
| 11:26 | Construir | Palisade Wall |
| 11:43 | Crear | Fishing Ship |
| 11:48 | Investigar | Feudal Age |
| 14:06 | Edad | Edad Feudal |
| 14:21 | Construir | Mining Camp |
| 14:41 | Construir | Barracks |
| 14:47 | Construir | Fish Trap |
| 14:58 | Construir | Fish Trap |
| 15:03 | Construir | Fish Trap |
| 15:08 | Construir | Fish Trap |
| 15:24 | Crear | Villager (Male) |
| 15:24 | Crear | Villager (Male) |
| 15:39 | Construir | Fish Trap |
| 15:46 | Construir | Fish Trap |
| 16:18 | Construir | Fish Trap |
| 16:50 | Investigar | Castle Age |
| 16:54 | Construir | Fish Trap |
| 17:10 | Construir | Fish Trap |
| 17:38 | Construir | House |
| 17:39 | Construir | House |
| 17:42 | Construir | House |
| 18:02 | Investigar | Double-Bit Axe |
| 19:25 | Crear | Villager (Male) |
| 19:25 | Crear | Villager (Male) |
| 19:30 | Edad | Edad de los Castillos |
| 19:33 | Construir | Town Center |
| 19:41 | Investigar | Horse Collar |
| 20:51 | Crear | Spearman |
| 21:04 | Construir | Town Center |
| 21:29 | Crear | Villager (Male) |
| 21:30 | Crear | Villager (Male) |
| 22:00 | Construir | Stone Wall |
| 22:05 | Construir | Gate |
| 22:58 | Crear | Villager (Male) |
| 22:59 | Crear | Villager (Male) |
| 22:59 | Crear | Villager (Male) |
| 23:02 | Crear | Villager (Male) |
| 23:02 | Crear | Villager (Male) |
| 23:02 | Crear | Villager (Male) |
| 23:03 | Crear | Villager (Male) |
| 23:03 | Crear | Villager (Male) |
| 23:09 | Construir | Gate |
| 23:13 | Construir | Gate |
| 23:20 | Construir | Gate |
| 23:40 | Construir | Gate |
Cronología de la partida
| 0:51 | NahuLoubiere · wall_segment Palisade Wall x13 |
| 1:20 | Gonzalez Kitan · wall_segment Palisade Wall x9 |
| 2:04 | Gonzalez Kitan · wall_segment Palisade Wall x1 |
| 2:32 | Gonzalez Kitan · wall_segment Palisade Wall x1 |
| 2:40 | NahuLoubiere · wall_segment Palisade Wall x1 |
| 2:51 | Esquizofrénico · wall_segment Palisade Wall x12 |
| 2:55 | Gonzalez Kitan · wall_segment Palisade Wall x1 |
| 2:55 | NahuLoubiere · wall_segment Palisade Wall x4 |
| 2:56 | Gonzalez Kitan · wall_segment Palisade Wall x1 |
| 2:58 | NahuLoubiere · wall_segment Palisade Wall x7 |
| 3:02 | Gonzalez Kitan · wall_segment Palisade Wall x3 |
| 3:17 | Sancho Tranza · first_building Dock |
| 11:26 | Sancho Tranza · wall_segment Palisade Wall x1 |
| 11:43 | Casey Raibak · age_up feudal |
| 11:50 | Esquizofrénico · age_up feudal |
| 13:37 | Gonzalez Kitan · age_up feudal |
| 13:44 | Gotillo IV · age_up feudal |
| 14:00 | Gonzalez Kitan · wall_segment Palisade Wall x2 |
| 14:06 | Sancho Tranza · age_up feudal |
| 14:41 | Sancho Tranza · first_building Barracks |
| 15:00 | Gonzalez Kitan · wall_segment Palisade Wall x1 |
| 15:17 | Casey Raibak · age_up castle |
| 15:31 | Gonzalez Kitan · first_market_sell 100 stone |
| 15:34 | Gonzalez Kitan · first_market_buy 100 food |
| 15:46 | NahuLoubiere · first_market_buy 100 wood |
| 17:14 | Gonzalez Kitan · age_up castle |
| 17:17 | Gonzalez Kitan · first_building Siege Workshop |
| 17:20 | Gonzalez Kitan · first_building Monastery |
| 18:06 | Casey Raibak · first_market_buy 100 food |
| 18:29 | Gonzalez Kitan · first_building Barracks |
| 19:04 | Gotillo IV · age_up castle |
| 19:19 | Gonzalez Kitan · first_building Archery Range |
| 19:30 | Sancho Tranza · age_up castle |
| 20:41 | Casey Raibak · first_building Monastery |
| 21:33 | Gonzalez Kitan · age_up imperial |
| 21:51 | Casey Raibak · first_market_sell 100 wood |
| 22:00 | Sancho Tranza · wall_segment Stone Wall x10 |
| 22:13 | Esquizofrénico · first_building Barracks |
| 22:32 | NahuLoubiere · first_building Dock |
| 22:52 | Esquizofrénico · wall_segment Stone Wall x13 |
| 23:22 | NahuLoubiere · first_building Monastery |
| 24:03 | Gotillo IV · first_building Archery Range |
| 24:03 | Sancho Tranza · resign |
| 25:10 | Esquizofrénico · age_up castle |
| 25:24 | NahuLoubiere · first_building Barracks |
| 25:27 | Casey Raibak · first_building Siege Workshop |
| 26:56 | Esquizofrénico · wall_segment Stone Wall x8 |
| 26:59 | Casey Raibak · wall_segment Palisade Wall x1 |
| 27:02 | Casey Raibak · wall_segment Palisade Wall x1 |
| 27:04 | Casey Raibak · wall_segment Palisade Wall x1 |
| 27:11 | Casey Raibak · wall_segment Palisade Wall x1 |
| 27:15 | Casey Raibak · wall_segment Palisade Wall x1 |
| 27:22 | NahuLoubiere · first_building Siege Workshop |
| 27:47 | Esquizofrénico · first_building Archery Range |
| 27:51 | Esquizofrénico · first_building Stable |
| 28:07 | NahuLoubiere · first_building Stable |
| 29:39 | Casey Raibak · age_up imperial |
| 30:35 | Casey Raibak · first_building Castle |
| 31:01 | Esquizofrénico · first_building Monastery |
| 31:30 | Casey Raibak · first_building Barracks |
[ ANÁLISIS IA · 1 CRÉDITO ]
¿Qué pasó realmente en esta partida?
Wolo.gg analiza cada decisión: build order, eco, micro, errores típicos por bracket. Análisis personalizado por WhatsApp o Discord en 30 segundos.
Guía civ
Eslavos
Perfil
Jugador #8960976